 Dungeon Crawl Stone Soup version 0.25-a0-420-g1cc7eeb (webtiles) character file.

Game seed: 17060229865978295489, levelgen mode: deterministic

480 BlueFish the Insei (level 7, -2/45 HPs)
             Began as an Octopode Transmuter on Jan 19, 2020.
             Slain by an orc priest
             ... wielding a +0 whip
              (4 damage)
             ... on level 5 of the Dungeon.
             The game lasted 00:11:18 (4486 turns).

BlueFish the Insei (Octopode Transmuter)            Turns: 4486, Time: 00:11:18

Health: -2/45      AC:  2    Str: 11    XL:     7   Next: 12%
Magic:  5/11       EV: 20    Int: 15    God:
Gold:   60         SH:  0    Dex: 18    Spells: 2/12 levels left

rFire    . . .     SeeInvis .     - Unarmed
rCold    . . .     Gourm    .   (shield currently unavailable)
rNeg     . . .     Faith    .   (helmet currently unavailable)
rPois    x         Spirit   .   (no amulet)
rElec    .         Reflect  .   (no ring)
rCorr    .         Harm     .   (no ring)
MR       .....                  (no ring)
Stlth    ++........             (no ring)
HPRegen  0.15/turn              (no ring)
MPRegen  0.12/turn              (no ring)
                                (no ring)
                                (no ring)

@: spider-form (expiring), very slightly contaminated
A: tiny, almost no armour, stealthy swim, (amphibious), 8 rings, (constrict 8)
a: End Transformation


You were on level 5 of the Dungeon.
You were not hungry.
You were a venomous arachnid creature.
You visited 1 branch of the dungeon, and saw 5 of its levels.

You collected 203 gold pieces.
You spent 143 gold pieces at shops.

Inventory:

Missiles
 a - 32 arrows
Wands
 l - a wand of acid (6)
Scrolls
 d - 2 scrolls of remove curse
 j - a scroll of teleportation
Potions
 b - 2 potions of lignification
 f - 3 potions of flight
 g - 3 potions of curing
 h - a potion of magic {unknown}
 i - a potion of mutation {unknown}
 k - 2 potions of agility
 n - a potion of haste {unknown}
 p - a potion of brilliance
 q - a potion of might
Comestibles
 c - 8 rations


   Skills:
 * Level 2.9 Fighting
 + Level 2.6 Dodging
 + Level 2.7 Stealth
 + Level 4.5 Unarmed Combat
 + Level 3.2 Spellcasting
 + Level 3.4 Transmutations
 * Level 2.6 Poison Magic


You had 2 spell levels left.
You knew the following spells:

 Your Spells              Type           Power        Failure   Level  Hunger
a - Beastly Appendage     Tmut           ##....       14%         1    #......
b - Sticks to Snakes      Tmut           ##......     19%         2    ##.....
c - Spider Form           Tmut/Pois      ##........   36%         3    ###....
d - Ice Form              Ice/Tmut       #.......     85%         4    #####..

Your spell library contained the following spells:

 Spells                   Type           Power        Failure   Level  Hunger
 Blade Hands              Tmut           ##........   91%         5    ######.


Dungeon Overview and Level Annotations

Branches:
Dungeon (5/15)
 Temple: D:4-7

Altars:
Dithmenos
Sif Muna
Yredelemnul

Shops:
D:4 !


Innate Abilities, Weirdness & Mutations

You cannot wear most types of armour.
You are very stealthy in the water. (Stealth+)
((You are amphibious.))
You can wear up to eight rings at the same time.
((You can use your tentacles to constrict eight enemies at once.))
((Your skin changes colour to match your surroundings (Stealth+).))
((Your rubbery body absorbs attacks. (AC +1, EV +1)))


Message History

The orc priest invokes the aid of Beogh against you.
Pain shoots through your body!
Things that are here:
a +0 dagger; an orc corpse You hit the orc priest.
The orc priest is lightly wounded.
The orc priest invokes the aid of Beogh against you.
Pain shoots through your body!
You hit the orc priest but do no damage.
The orc priest is lightly wounded.
The orc priest misses you.
You hit the orc priest.
The orc priest is poisoned.
The orc priest is lightly wounded.
The orc priest invokes the aid of Beogh against you.
Beogh smites you!
* * * LOW HITPOINT WARNING * * *
You barely miss the orc priest.
The orc priest is lightly wounded.
The orc priest hits you with a +0 whip.
You die...

## #.##.. .... #.##.#
#..# #.##.###..#
#.##.#....#
##.##.#.##.#
#.......##.#
#..(..#.##.####
#......<..()so#
##.....#.#####.......
#).......# #######
#..###.#.# #......#.#
#.##.###.# #.##.# #.#
..## # #.# ≈..#


You could see an orc priest.

Vanquished Creatures
  An ice beast (D:4)
  A phantom (D:4)
  A howler monkey (D:4)
  An orc wizard (D:3)
  Terence (D:2)
  An iguana (D:4)
  12 adders
  An adder skeleton (D:4)
  2 worms (D:2)
  2 dart slugs (D:3)
  11 orcs
  3 ball pythons
  2 giant cockroaches
  5 goblins
  4 hobgoblins
  2 jackals (D:4)
  8 kobolds
  2 quokkas
  4 bats
  2 frilled lizards
  A leopard gecko skeleton (D:4)
  A quokka skeleton (D:4)
  7 rats
  A spectral orc (D:2)
76 creatures vanquished.

Notes
Turn   | Place    | Note
-------+----------+-------------------------------------------
     0 | D:1      | BlueFish the Octopode Transmuter began the quest for the
                  | Orb.
     0 | D:1      | Reached XP level 1. HP: 13/13 MP: 3/3
   239 | D:1      | Reached XP level 2. HP: 13/18 MP: 3/5
   246 | D:1      | Learned a level 2 spell: Sticks to Snakes
   927 | D:2      | Reached XP level 3. HP: 23/23 MP: 3/6
   932 | D:2      | Learned a level 3 spell: Spider Form
  1048 | D:2      | Noticed Terence
  1065 | D:2      | Killed Terence
  1110 | D:2      | Reached XP level 4. HP: 22/28 MP: 5/7
  1569 | D:2      | Reached skill level 1 in Stealth
  1744 | D:2      | Found a basalt altar of Yredelemnul.
  1895 | D:3      | Reached skill level 1 in Poison Magic
  2055 | D:3      | Reached XP level 5. HP: 28/34 MP: 4/8
  2849 | D:3      | Reached skill level 4 in Unarmed Combat
  3636 | D:4      | Noticed a phantom
  3654 | D:4      | Reached XP level 6. HP: 40/40 MP: 1/10
  3673 | D:4      | Killed a phantom
  3809 | D:4      | Found Jax Poin's Distillery.
  3812 | D:4      | Bought a potion of brilliance for 44 gold pieces
  3812 | D:4      | Bought a potion of might for 44 gold pieces
  3812 | D:4      | Bought a potion of agility for 44 gold pieces
  3812 | D:4      | Bought a potion of degeneration for 11 gold pieces
  3954 | D:4      | Found a shimmering blue altar of Sif Muna.
  3955 | D:4      | Found a shadowy altar of Dithmenos.
  3964 | D:4      | Noticed an ice beast
  3974 | D:4      | HP: 1/41 [ice beast (11)]
  3981 | D:4      | Killed an ice beast
  3981 | D:4      | Reached XP level 7. HP: 29/45 MP: 4/11
  3987 | D:4      | Learned a level 4 spell: Ice Form
  4381 | D:5      | Entered Level 5 of the Dungeon
  4390 | D:5      | Got a crystal hunting sling
  4485 | D:5      | HP: 2/45 [orc priest/divine providence (12)]
  4486 | D:5      | Slain by an orc priest

Levels and vault maps discovered:
D:1:      nagdon_arrival_double_spiral, layout_basic
D:2:      layout_rooms, yredelemnul_forgotten_temple_becter, first_ration,
          uniq_terence
D:3:      layout_basic
D:4:      layout_loops_corners, chequers_temple_overflow_statue_of_worship,
          serial_shops, kennysheep_mini_moat
D:5:      layout_loops_ring, portal_sewer_entry_d, serial_rivers,
          chequers_serial_rivers_small_b, chequers_serial_rivers_room_a,
          chequers_serial_rivers_small_a, chequers_serial_rivers_micro_b,
          chequers_serial_rivers_marsh, chequers_serial_rivers_micro_a,
          uniq_ijyb

Skill      XL: |  1  2  3  4  5  6 |
---------------+-------------------+-----
Stealth        | 1 2 |  2.7
Poison Magic   | 1 2 |  2.6
Fighting       | 2 |  2.9
Transmutations | 3 |  3.4
Unarmed Combat | 4 |  4.5
Spellcasting   | 3 |  3.2
Dodging        | |  2.6

Action                   |  1- 3 |  4- 6 |  7- 9 || total
-------------------------+-------+-------+-------++-------
Melee: Unarmed           |    42 |   154 |    12 ||   208
       Constrict         |    11 |    21 |     1 ||    33
       Kick              |     8 |    14 |     2 ||    24
       Punch             |     1 |     2 |       ||     3
       Tentacles         |     3 |     9 |       ||    12
 Cast: Beastly Appendage |    14 |    13 |     2 ||    29
       Spider Form       |     1 |    13 |     1 ||    15
       Sticks to Snakes  |       |     7 |       ||     7
  Use: Scroll            |     3 |     6 |       ||     9
       Potion            |       |     2 |       ||     2
 Stab: Sleeping          |     3 |     6 |       ||     9
  Eat: Chunk             |     1 |    11 |       ||    12
       Ration            |       |       |     1 ||     1
Armor: Skin              |     3 |     9 |       ||    12
Dodge: Dodged            |    24 |   118 |     6 ||   148

Table legend:
 A = Non-vault XP
 B = Vault XP
 C = Vault XP percentage of total XP
 D = Non-vault monster count
 E = Vault monster count
 F = Vault count percentage of total count
                 A         B        C        D         E       F
            +---------+---------+-------+---------+---------+-------
      Total |     650 |      37 |   5.4 |      74 |       2 |   2.6
            +---------+---------+-------+---------+---------+-------
        D:1 |      27 |       0 |   0.0 |      16 |       0 |   0.0
        D:2 |      63 |      37 |  37.0 |      15 |       2 |  11.8
        D:3 |     166 |       0 |   0.0 |      26 |       0 |   0.0
        D:4 |     372 |       0 |   0.0 |      13 |       0 |   0.0
        D:5 |      22 |       0 |   0.0 |       4 |       0 |   0.0
            +---------+---------+-------+---------+---------+-------
